 Dungeon Crawl Stone Soup version 0.21.1-1-g345015f (webtiles) character file.

16 Iko the Changer (level 2, -2/19 HPs)
             Began as a Vampire Wanderer on June 3, 2018.
             Slain by an orc
             ... wielding a +0 dagger
              (3 damage)
             ... on level 2 of the Dungeon.
             The game lasted 00:04:04 (252 turns).

Iko the Changer (Vampire Wanderer)                   Turns: 252, Time: 00:04:05

Health: -2/19      AC:  2    Str: 11    XL:     2   Next: 41%
Magic:  3/5        EV: 11    Int: 15    God:
Gold:   30         SH:  0    Dex: 12    Spells: 4/6 levels left

rFire    . . .     SeeInvis +   d - +3 dagger
rCold    . . .     Gourm    .   (no shield)
rNeg     + . .     Faith    +   c - +0 robe
rPois    .         Spirit   .   (no helmet)
rElec    .         Reflect  .   (no cloak)
rCorr    .         Harm     .   (no gloves)
MR       .....                  (no boots)
Stlth    +.........             e - amulet of faith
HPRegen  0.06/turn              (no ring)
MPRegen  0.09/turn              (no ring)

@: no status effects
A: fangs 3, see invisible, unbreathing
a: no special abilities


You were on level 2 of the Dungeon.
You were not thirsty.

You visited 1 branch of the dungeon, and saw 2 of its levels.

You collected 30 gold pieces.

Inventory:

Hand Weapons
 d - a +3 dagger (weapon)
Missiles
 g - 3 javelins (quivered)
Armour
 c - a +0 robe (worn)
Jewellery
 e - an amulet of faith (around neck)
Scrolls
 f - 2 scrolls of remove curse
Books
 a - a book of Changes

   Spells                             Type                      Level
   a - Beastly Appendage              Transmutation                1
   b - Sticks to Snakes               Transmutation                2
   c - Spider Form                    Transmutation/Poison         3
   d - Ice Form                       Ice/Transmutation            4
   e - Blade Hands                    Transmutation                5
 b - the Handbook of the Snowflakes

   Spells                             Type                      Level
   a - Freeze                         Ice                          1
   b - Ozocubu's Armour               Charms/Ice                   3


   Skills:
 + Level 1.0 Throwing
   Level 1.0 Shields
 + Level 2.7 Spellcasting
   Level 3.2 Charms
 + Level 3.5 Transmutations
 + Level 0.2 Ice Magic


You had 4 spell levels left.
You knew the following spells:

 Your Spells              Type           Power        Failure   Level  Hunger
a - Freeze                Ice            #...         19%         1    #......
b - Beastly Appendage     Tmut           ##....       4%          1    #......


Dungeon Overview and Level Annotations

Branches:
Dungeon (2/15)

Altars:
The Shining One

Annotations:
D:2 Jessica, Robin


Innate Abilities, Weirdness & Mutations

You have razor-sharp teeth.
You have supernaturally acute eyesight. (SInv)
You can survive without breathing.


Message History

You freeze the goblin.
The goblin is severely wounded.
The goblin shouts!
You hear a shout!
The bat hits you.
* * * LOW HITPOINT WARNING * * *
The goblin hits you but does no damage. The goblin closely misses you.
The orc hits you but does no damage.
Unknown command.
Unknown command.
Casting: Freeze
Confirm with . or Enter, or press ? or * to list all spells.
Aiming: Freeze
Press: ? - help, Shift-Dir - straight line, f/p - goblin
Aim: a goblin, wielding a club (severely wounded, unusually strong)
You freeze the goblin.
You kill the goblin!
The bat misses you. The goblin closely misses you.
Robin throws the goblin at you! The goblin misses you.
The goblin closely misses you. The orc hits you with a dagger.
You die...

.....#.........#
.....#.........#####
.....+..............
.......)............
.####..............$
. #...............
... #....[.....#+#+#
..g.g#o......####
._.gg@g@b....#
....o#ggg....#
.....#.......# ....
#...<..... #.#
#..#....... ..
..##...%... ..
...... ### .[....


You could see Robin, Jessica, 2 orcs, a hobgoblin, 6 goblins and a bat.

Vanquished Creatures
  2 dart slugs (D:1)
  A bat (D:2)
  4 goblins
  A hobgoblin (D:2)
  2 kobolds
  3 rats
13 creatures vanquished.

Notes
Turn   | Place    | Note
-------+----------+-------------------------------------------
     0 | D:1      | Iko the Vampire Wanderer began the quest for the Orb.
     0 | D:1      | Iko set off with: a book of Changes, the Handbook of the Snowflakes, a +0 robe, a +0 dagger, a potion of blood
     0 | D:1      | Reached XP level 1. HP: 13/13 MP: 3/3
     2 | D:1      | Learned a level 1 spell: Freeze
     4 | D:1      | Learned a level 1 spell: Beastly Appendage
   140 | D:1      | Reached XP level 2. HP: 8/19 MP: 3/5
   244 | D:2      | Found a glowing golden altar of the Shining One.
   246 | D:2      | Noticed Jessica
   247 | D:2      | Noticed Robin
   252 | D:2      | Slain by an orc

Action                   || total
-------------------------++-------
Melee: Dagger            ||    24
       Bite              ||     1
Throw: Javelin           ||     4
 Cast: Freeze            ||     8
  Use: Scroll            ||     8
       Potion            ||     3
Armor: Robe              ||     8
Dodge: Dodged            ||    21
